 Dungeon Crawl Stone Soup version 0.31-a0-940-gdaa99269f9 (webtiles) character file.

Game seed: 17279724305230339637

95 kae the Chopper (level 4, -2/39 HPs)
             Began as a Hill Orc Fighter on Oct 20, 2023.
             Slain by a gnoll
             ... wielding a +0 flail of holy wrath
              (6 damage)
             ... on level 2 of the Dungeon.
             The game lasted 00:00:50 (1517 turns).

kae the Chopper (Hill Orc Fighter)                  Turns: 1517, Time: 00:00:51

Health: -2/39      AC:  6    Str: 20    XL:     4   Next: 66%
Magic:  4/4        EV:  9    Int:  8    God:
Gold:   177        SH:  4    Dex: 10    Spells: 3/3 levels left

rFire   . . .        a - +0 war axe
rCold   . . .        c - +0 buckler
rNeg    . . .        b - +0 scale mail
rPois   .            (no helmet)
rElec   .            (no cloak)
rCorr   .            (no gloves)
SInv    .            (no boots)
Will    .....        (no amulet) Stlth
                     (no ring)
HPRegen 0.26/turn    (no ring)
MPRegen 0.09/turn

%: no passive effects
@: no status effects
A: no striking features
a: no special abilities


You were on level 2 of the Dungeon.
You visited 1 branch of the dungeon, and saw 3 of its levels.

You collected 177 gold pieces.


   Skills:
 - Level 3.6 Fighting
 + Level 6.3 Axes
 - Level 3.2 Armour
 - Level 3.2 Shields


You had 3 spell levels left.
You didn't know any spells.
Your spell library contained the following spells:

 Spells                   Type           Power      Damage    Failure   Level
 Kiss of Death            Conj/Necr      0%         2d5       83%         1
 Confusing Touch          Hex            0%         N/A       99%         3
 Dispel Undead            Necr           0%         3d6       100%        4

Inventory:

Hand Weapons
 a - a +0 war axe (weapon)
Missiles
 i - 15 stones
 j - 5 datura-tipped darts
 m - 6 darts of dispersal {=f!f}
 o - 2 poisoned darts
Armour
 b - a +0 scale mail (worn)
 c - a +0 buckler (worn)
Scrolls
 e - 3 scrolls of vulnerability {!r!r}
 k - a scroll of immolation {unknown}
 l - 2 scrolls of identify {@r1}
 p - 2 scrolls of teleportation {unknown}
 s - a scroll of fog {unknown}
Potions
 d - a potion of might
 f - 2 potions of resistance {unknown}
 g - a potion of berserk rage {!q}
 h - a potion of haste {unknown}
 n - a potion of curing {unknown}
 q - a potion of heal wounds {unknown}
 r - a potion of attraction {unknown}

Dungeon Overview and Level Annotations

Branches:
Dungeon (3/15) Zot: 16442

Altars:

####### #....P#
############ #.###'#
#..........### #.#...#
#.#####.)#...#######.#.###
#.# #............'.8..PP
#.# #.)####.##########._
#.# ##S@###.######...##P
#.# ##.g.......##....##
#.# #####.###.......## #.#
#...####....## #.# ###.#
#....## #.# #.# #.....#
#.# #.# #.....# #.# #.#
##.#..# #.# #.# #.#...


You could see a gnoll and an adder.


Message History

Found a leather armour.
Found a stone staircase leading up.
The adder hisses angrily.
The gnoll shouts!
You hear a shout! x5
A gnoll comes into view. It is wielding a +0 spear.
The gnoll shouts!
There are monsters nearby!
A gnoll comes into view.
It is wielding a +0 flail of holy wrath.
You hit the gnoll. You hit the endoplasm.
The gnoll hits you from afar with a +0 spear.
The gnoll barely misses you.
The endoplasm barely misses you. 😕 HP[-3]
You take 3 damage, and now have 36/39 hp.
There are monsters nearby!
You hit the gnoll. You hit the endoplasm. The endoplasm closely misses you.
The gnoll closely misses you. The gnoll misses you.
You hit the gnoll.
You kill the gnoll!
You slash the endoplasm!
You kill the endoplasm!
The gnoll hits you from afar with a +0 spear.
The adder bites you.
There are monsters nearby! 😮 HP[-7]
You take 7 damage, and now have 29/39 hp.
You hit the gnoll. You barely miss the adder. The adder barely misses you.
The gnoll barely misses you. x2; The adder bites you.
A gnoll comes into view. It is wielding a +0 flail.
The gnoll hits you from afar with a +0 spear.
The gnoll hits you but does no damage.
You are too injured to fight recklessly! 😮 HP[-3]
You take 3 damage, and now have 26/39 hp.
There are monsters nearby!
You are too injured to fight recklessly!
You are too injured to fight recklessly!
There are monsters nearby!
You are too injured to fight recklessly!
You are too injured to fight recklessly!
Unknown command.
Okay, then.
Okay, then.
An orc comes into view. It is wielding a +0 flail.
The orc shouts!
You hear a shout!
The adder closely misses you. The gnoll hits you but does no damage.
The gnoll hits you with a +0 flail of holy wrath.
A goblin comes into view.
It is wielding a +0 dagger of protection. 😮 HP[-1]
You take 1 damage, and now have 25/39 hp.
The goblin shouts!
The adder attacks as it pursues you! The adder barely misses you.
The gnoll hits you from afar with a +0 spear.
* * * LOW HITPOINT WARNING * * *
An orc comes into view. It is wielding a +0 mace. 😨 HP[-6]
You take 6 damage, and now have 19/39 hp.
The orc shouts!
The adder attacks as it pursues you! The adder closely misses you.
The adder bites you.
* * * LOW HITPOINT WARNING * * *
An orc comes into view. It is wielding a +0 dagger.
The gnoll attacks as it pursues you!
The gnoll hits you but does no damage. 😨 HP[-2]
You take 2 damage, and now have 17/39 hp.
The adder barely misses you.
An orc comes into view. It is wielding a +0 flail.
The adder attacks as it pursues you! The adder bites you but does no damage.
The orc closely misses you.
The goblin hits you but does no damage. 😨 HP[+1]
A ball python comes into view.
The ball python hisses angrily.
The adder attacks as it pursues you! You block the adder's attack.
An endoplasm comes into view.
There is a stone staircase leading up here.
The endoplasm quivers.
The adder bites you but does no damage. You block the adder's attack.
You climb upwards.
There is a stone staircase leading down here.
Unknown command.
You barely miss the gnoll. You hit the orc. You hit the adder.
You block the adder's attack. You block the orc's attack.
The gnoll hits you but does no damage. 😨 HP[+1]
You barely miss the gnoll. You slash the orc!
You kill the orc!
You hit the adder. The adder closely misses you.
The gnoll hits you with a +0 flail of holy wrath!
* * * LOW HITPOINT WARNING * * *
The adder bites you but does no damage. 😨 HP[-9]
You take 9 damage, and now have 10/39 hp.
MASSIVE DAMAGE!! (PAUSE)
You hit the gnoll but do no damage. You closely miss the adder.
The adder barely misses you.
The gnoll hits you with a +0 flail of holy wrath!
* * * LOW HITPOINT WARNING * * *
😱 HP[-7]
You take 7 damage, and now have 3/39 hp.
You closely miss the gnoll. You hit the adder but do no damage.
The adder bites you but does no damage.
The gnoll hits you with a +0 flail of holy wrath.
You die...

Skill      XL: |  1  2  3  4 |
---------------+-------------+-----
Axes           | 3 4 5 6 |  6.3
Fighting       | |  3.6
Armour         | |  3.2
Shields        | |  3.2

Action                     |  1- 3 |  4- 6 || total
---------------------------+-------+-------++-------
  Melee: War axe           |    87 |    42 ||   129
    Use: Scroll            |     2 |       ||     2
 Armour: Scale mail        |    58 |    58 ||   116
  Dodge: Dodged            |    41 |    46 ||    87
  Block: Buckler           |    20 |    18 ||    38

Levels and vault maps discovered:
D:1:      minmay_arrival_cross, layout_loops_ring, grunt_decor_cap
D:2:      layout_rooms, shapermc_ecumenical_altar_ellora, uniq_terence
D:3:      layout_loops_ring, mainiacjoe_overflow_small_starburst,
          minmay_bisected

Notes
Turn   | Place    | Note
-------+----------+-------------------------------------------
     0 | D:1      | kae the Hill Orc Fighter began the quest for the Orb.
     0 | D:1      | Reached XP level 1. HP: 19/19 MP: 1/1
     0 | D:1      | magus.rc [v1.11.3]
    87 | D:1      | You pick up a book of Touch and begin reading...
    87 | D:1      | You add the spells Kiss of Death, Confusing Touch and
                  | Dispel Undead to your library.
    99 | D:1      | Reached skill level 3 in Axes
   281 | D:1      | Reached XP level 2. HP: 26/26 MP: 2/2
   371 | D:1      | Reached skill level 4 in Axes
   876 | D:2      | Reached XP level 3. HP: 25/31 MP: 3/3
   949 | D:2      | Noticed Terence
   964 | D:2      | HP: 5/31 [Terence/+0 mace (5)]
   965 | D:2      | Killed Terence
   966 | D:2      | Reached skill level 5 in Axes
  1085 | D:2      | Reached XP level 4. HP: 39/39 MP: 4/4
  1128 | D:2      | Reached skill level 6 in Axes
  1189 | D:2      | Found a faded altar of an unknown god.
  1516 | D:2      | HP: 3/39 [gnoll/+0 flail of holy wrath (7)]
  1517 | D:2      | Slain by a gnoll

Vanquished Creatures
  Terence (D:2)
  2 adders (D:2)
  A gnoll (D:3)
  An orc (D:2)
  5 endoplasms
  2 giant cockroaches
  2 goblins (D:1)
  2 hobgoblins
  4 jackals (D:2)
  2 quokkas
  2 ball pythons
  2 bats (D:2)
  3 frilled lizards
  7 kobolds
  6 rats
42 creatures vanquished.

Table legend:
 A = Non-vault XP
 B = Vault XP
 C = Vault XP percentage of total XP
 D = Non-vault monster count
 E = Vault monster count
 F = Vault count percentage of total count
                 A         B        C        D         E       F
            +---------+---------+-------+---------+---------+-------
      Total |     101 |      36 |  26.3 |      41 |       1 |   2.4
            +---------+---------+-------+---------+---------+-------
        D:1 |      20 |       0 |   0.0 |      14 |       0 |   0.0
        D:2 |      58 |      36 |  38.3 |      21 |       1 |   4.5
        D:3 |      23 |       0 |   0.0 |       6 |       0 |   0.0
            +---------+---------+-------+---------+---------+-------

Skill      XL: |  1  2  3  4 |
---------------+-------------+-----
Axes           | 3 4 5 6 |  6.3
Fighting       | |  3.6
Armour         | |  3.2
Shields        | |  3.2

Action                     |  1- 3 |  4- 6 || total
---------------------------+-------+-------++-------
  Melee: War axe           |    87 |    42 ||   129
    Use: Scroll            |     2 |       ||     2
 Armour: Scale mail        |    58 |    58 ||   116
  Dodge: Dodged            |    41 |    46 ||    87
  Block: Buckler           |    20 |    18 ||    38

Illustrated notes

Table legend:
 A = Kills in this place as a percentage of kills in the entire game.
 B = Kills by you in this place as a percentage of kills by you in the entire game.
 C = Kills by friends in this place as a percentage of kills by friends in the entire game.
 D = Other kills in this place as a percentage of other kills in the entire game.
 E = Experience gained in this place as a percentage of experience gained in the entire game.
 F = Experience gained in this place divided by the number of levels of this place that you have seen.
                   A       B       C       D       E      F
               +-------+-------+-------+-------+-------+----------------------
         Total | 100.0 | 100.0 |   N/A |   N/A | 100.0 |  45.7
       Dungeon | 100.0 | 100.0 |   N/A |   N/A | 100.0 |  45.7
               +-------+-------+-------+-------+-------+----------------------

Table legend: (Time is in decaauts)
 A = Elapsed time spent in this place.
 B = Non-inter-level travel time spent in this place.
 C = Inter-level travel time spent in this place.
 D = Time resting spent in this place.
 E = Time spent auto-exploring this place.
 F = Levels seen in this place.
 G = Mean time per level.
                   A        B        C        D        E       F      G
               +--------+--------+--------+--------+--------+-----+--------+
         Total |   1556 |   1514 |     42 |      0 |   1226 |   3 |  518.7 |
       Dungeon |   1556 |   1514 |     42 |      0 |   1226 |   3 |  518.7 |
               +--------+--------+--------+--------+--------+-----+--------+

Top non-repeatable levels by time:
     D:1: 691 daAuts
     D:2: 658 daAuts
     D:3: 205 daAuts
